 Dungeon Crawl Stone Soup version 0.20-a0-738-gb057e68 (webtiles) character file.

187 polly the Bolt Thrower (level 5, -1/39 HPs)
             Began as a Formicid Hunter on Feb 24, 2017.
             Slain by a wight
             ... wielding a cursed +0 morningstar
              (8 damage)
             ... on level 3 of the Dungeon.
             The game lasted 00:03:22 (1945 turns).

polly the Bolt Thrower (Formicid Hunter)            Turns: 1945, Time: 00:03:23

Health: -1/39      AC:  4    Str: 17    XL:     5   Next: 99%
Magic:  5/5        EV: 11    Int: 12    God:
Gold:   145        SH:  0    Dex: 12    Spells: 4/4 levels left

rFire    . . .     SeeInvis +   a - +1 hand crossbow
rCold    . . .     Gourm    .   c - +0 leather armour
rNeg     . . .     Faith    .   (no shield)
rPois    .         Spirit   .   (helmet unavailable)
rElec    .         Reflect  .   j - +0 cloak
rCorr    .         Harm     .   (no gloves)
MR       .....                  (no boots)
Stlth    +.........             (no amulet)
Regen    0.2/turn               (no ring)
MPRegen  0.1/turn               m - +2 ring of intelligence

@: heavily drained
A: permanent stasis, dig shafts and tunnels, four strong arms, antennae 3
a: Dig, Shaft Self


You were on level 3 of the Dungeon.
You were near starving.

You visited 1 branch of the dungeon, and saw 3 of its levels.

You collected 145 gold pieces.

Inventory:

Hand Weapons
 a - a +1 hand crossbow (weapon)
 b - a +0 short sword
Missiles
 d - 19 bolts (quivered)
Armour
 c - a +0 leather armour (worn)
 j - a +0 cloak (worn)
Jewellery
 m - a +2 ring of intelligence (left hand)
Scrolls
 g - 3 scrolls of identify {unknown}
 k - a scroll of fog {unknown}
 l - 2 scrolls of teleportation {unknown}
 o - 2 scrolls of enchant armour {unknown}
 p - a scroll of enchant weapon {unknown}
Potions
 e - a potion of heal wounds {unknown}
 n - a potion of curing {unknown}
 q - a potion of ambrosia
 r - a potion of cancellation {unknown}
 s - a potion of agility {unknown}
Comestibles
 f - 5 bread rations
 h - a meat ration
 i - 4 royal jellies


   Skills:
 + Level 2.5(1.0) Fighting
 + Level 6.2(4.6) Crossbows
 + Level 1.5(0.1) Armour
 + Level 2.0(0.6) Dodging
 + Level 1.7(0.3) Stealth


You had 4 spell levels left.
You didn't know any spells.

Dungeon Overview and Level Annotations

Branches:
Dungeon (3/15)

Altars:
Ru


Innate Abilities, Weirdness & Mutations

You cannot be hasted, slowed, berserked, paralysed or teleported.
You can dig through walls and to a lower floor.
Your four strong arms can wield two-handed weapons with a shield.
You have a pair of large antennae on your head. (SInv)


Message History

Press: ? - help, Shift-Dir - straight line, f/p - wight
Aim: a wight, wielding a morningstar and wearing a robe You shoot a bolt.
The bolt barely misses the wight.
The wight hits you with a morningstar!
You feel drained.
Firing (i - inventory):
d - 20 bolts (quivered)
Press: ? - help, Shift-Dir - straight line, f/p - wight
Aim: a wight, wielding a morningstar and wearing a robe You shoot a bolt.
The bolt hits the wight.
The wight is lightly damaged.
The wight hits you with a morningstar.
* * * LOW HITPOINT WARNING * * *
You feel drained.
* * * LOW HITPOINT WARNING * * *
Things that are here:
13 poisoned needles; an uncursed blowgun You see here a bolt.
The wight closely misses you.
You see here a bolt.
The wight hits you with a morningstar!
You die...

#.# #.####..#####.#
#.# #.# #..# #.# #.#
#).# ####.# #.#
#(.#### #....# #.#
#<)...# # #.####
#.####(###.##.# #.#
#(.##.(......# #.#
##.##..###..## #.#
####@##........# #.#
#(..(z.....#..#.# #.#
#.##.##.##.#(.#.# ##.#
##.#...#.##.#..# #
#..####..............#
#.zz..z.#...........##
##'#####+##....###.###
#...# #.((#...## #.#
#.z.# #...##.## .


You could see a wight.

Vanquished Creatures
  2 wights (D:3)
  3 adders
  A worm (D:2)
  3 dart slugs
  3 leopard geckos
  A ball python (D:2)
  3 giant cockroaches
  7 goblins (D:1)
  3 hobgoblins (D:1)
  8 jackals
  9 kobolds
  2 quokkas (D:3)
  4 bats
  3 frilled lizards
  9 rats
61 creatures vanquished.

Vanquished Creatures (others)
  An orc (D:3)
1 creature vanquished.

Grand Total: 62 creatures vanquished

Notes
Turn   | Place    | Note
-------+----------+-------------------------------------------
     0 | D:1      | polly the Formicid Hunter began the quest for the Orb.
     0 | D:1      | Reached XP level 1. HP: 16/16 MP: 1/1
    68 | D:1      | Reached XP level 2. HP: 22/22 MP: 2/2
   181 | D:1      | Reached XP level 3. HP: 27/27 MP: 3/3
   601 | D:1      | Reached skill level 5 in Crossbows
   675 | D:2      | Reached XP level 4. HP: 34/34 MP: 4/4
   896 | D:2      | Found a sacrificial altar of Ru.
  1231 | D:3      | Reached skill level 1 in Armour
  1321 | D:3      | Reached XP level 5. HP: 31/39 MP: 5/5
  1933 | D:3      | Reached skill level 6 in Crossbows
  1945 | D:3      | Slain by a wight

Vault maps used:
D:1:      nicolae_arrival_washed_ashore
D:2:      old_standard_altar
D:3:      nrook_uturn

Skill      XL: |  1  2  3  4  5 |
---------------+----------------+-----
Crossbows      | 5 6 |  6.2
Armour         | 1 |  1.5
Dodging        | 2 |  2.0
Fighting       | |  2.5
Stealth        | |  1.7

Action                   |  1- 3 |  4- 6 || total
-------------------------+-------+-------++-------
 Fire: Hand crossbow     |    64 |    91 ||   155
  Use: Potion            |       |     1 ||     1
  Eat: Chunk             |       |     1 ||     1
Armor: Leather armour    |     7 |    16 ||    23
Dodge: Dodged            |    22 |    45 ||    67
